| TOP OF THE 1ST |
|
Boston (WIN) Red Sox batting - Pitching for Arizona (WIN) Diamondbacks : LHP Murphy Quirk
|
|
Pitching: LHP Murphy Quirk
|
|
|
Batting: SHB Ben Ervin
|
0-0: Called Strike 0-1: Called Strike 0-2: Ball 1-2: Ball 2-2: Ball 3-2: Ground out 5-3 (Groundball, 25, EV 80.6 MPH)
|
|
Batting: RHB Brandon Perris
|
0-0: Foul Ball, location: 2F 0-1: Ball 1-1: Ground out 4-3 (Groundball, 4, EV 77.5 MPH)
|
|
Batting: LHB Kevin McCormic Jr.
|
0-0: Ball 1-0: Swinging Strike 1-1: SINGLE (Line Drive, 78S, EV 106.9 MPH)
|
|
Batting: SHB Marvin Lawrence
|
0-0: Called Strike 0-1: Ball 1-1: Foul Ball, location: 2F 1-2: Strikes out swinging
|
| Top of the 1st over - 0 runs, 1 hit, 0 errors, 1 left on base; Boston (WIN) 0 - Arizona (WIN) 0 |
| BOTTOM OF THE 1ST |
|
Arizona (WIN) Diamondbacks batting - Pitching for Boston (WIN) Red Sox : LHP Adam Schneidewind
|
|
Pitching: LHP Adam Schneidewind
|
|
|
Batting: RHB Andy Swaim
|
0-0: Ball 1-0: Called Strike 1-1: Ball 2-1: Foul Ball, location: 2F 2-2: SOLO HOME RUN (Flyball, 89XD, EV 102.5 MPH), Distance : 397 ft
|
|
Batting: SHB Salvador Aragon
|
0-0: Ball 1-0: Foul Ball, location: 2F 1-1: Ball 2-1: Foul Ball, location: 2F 2-2: Foul Ball, location: 2F 2-2: Ball 3-2: Ground out 4-3 (Groundball, 4, EV 99.4 MPH)
|
|
Batting: RHB Katilimomi Kelekolio
|
0-0: Ball 1-0: Called Strike 1-1: Ball 2-1: Called Strike 2-2: Strikes out swinging
|
|
Batting: LHB Roy Steigerwald
|
0-0: Called Strike 0-1: Ball 1-1: Called Strike 1-2: Foul Ball, location: 2F 1-2: Ball 2-2: SINGLE (Line Drive, 4MD, EV 95.6 MPH)
|
|
Batting: SHB Warren Eisner
|
0-0: Ball 1-0: Called Strike 1-1: Ball 2-1: Ball 3-1: Swinging Strike 3-2: Foul Ball, location: 2F 3-2: Fly out, F8 (Flyball, 8LD, EV 93.1 MPH)
|
| Bottom of the 1st over - 1 run, 2 hits, 0 errors, 1 left on base; Boston (WIN) 0 - Arizona (WIN) 1 |
| TOP OF THE 2ND |
|
Boston (WIN) Red Sox batting - Pitching for Arizona (WIN) Diamondbacks : LHP Murphy Quirk
|
|
Batting: RHB Ernie Genier
|
0-0: Ball 1-0: Foul Ball, location: 2F 1-1: Foul Ball, location: 2F 1-2: Strikes out swinging
|
|
Batting: RHB Nate Dickinson
|
0-0: Swinging Strike 0-1: Ball 1-1: Foul Ball, location: 2F 1-2: Foul Ball, location: 2F 1-2: Ball 2-2: Ball 3-2: Foul Ball, location: 2F 3-2: Strikes out swinging
|
|
Batting: LHB Mike Mentzer
|
0-0: Called Strike 0-1: Ball 1-1: Ball 2-1: Swinging Strike 2-2: Ball 3-2: Fly out, F7 (Flyball, 7, EV 88.8 MPH)
|
| Top of the 2nd over - 0 runs, 0 hits, 0 errors, 0 left on base; Boston (WIN) 0 - Arizona (WIN) 1 |
| BOTTOM OF THE 2ND |
|
Arizona (WIN) Diamondbacks batting - Pitching for Boston (WIN) Red Sox : LHP Adam Schneidewind
|
|
Batting: RHB Fabrice Bertin
|
0-0: Fly out, F8 (Flyball, 8LS, EV 92.5 MPH)
|
|
Batting: LHB Steve Reinhart
|
0-0: Ball 1-0: Ball 2-0: Ball 3-0: Called Strike 3-1: SINGLE (Groundball, 56D, EV 97.5 MPH)
|
|
Batting: RHB Scott Travis
|
0-0: Ball 1-0: Ball 2-0: Foul Ball, location: 2F 2-1: Ball 3-1: Foul Ball, location: 2F 3-2: Foul Ball, location: 2F 3-2: Strikes out swinging
|
|
Batting: LHB Bobby Arevalo
|
0-0: Ball 1-0: Ball 2-0: Foul Ball, location: 2F 2-1: Called Strike 2-2: Fly out, F8 (Flyball, 78D, EV 92.5 MPH)
|
| Bottom of the 2nd over - 0 runs, 1 hit, 0 errors, 1 left on base; Boston (WIN) 0 - Arizona (WIN) 1 |
| TOP OF THE 3RD |
|
Boston (WIN) Red Sox batting - Pitching for Arizona (WIN) Diamondbacks : LHP Murphy Quirk
|
|
Batting: RHB Garry Hash
|
0-0: Called Strike 0-1: Foul Ball, location: 2F 0-2: Ball 1-2: Strikes out swinging
|
|
Batting: RHB Adugna Chandu
|
0-0: Called Strike 0-1: Ball 1-1: Called Strike 1-2: Strikes out swinging
|
|
Batting: SHB Ben Ervin
|
0-0: Called Strike 0-1: Ball 1-1: Called Strike 1-2: Strikes out swinging
|
| Top of the 3rd over - 0 runs, 0 hits, 0 errors, 0 left on base; Boston (WIN) 0 - Arizona (WIN) 1 |
| BOTTOM OF THE 3RD |
|
Arizona (WIN) Diamondbacks batting - Pitching for Boston (WIN) Red Sox : LHP Adam Schneidewind
|
|
Batting: RHB Andy Swaim
|
0-0: Ball 1-0: Foul Ball, location: 2F 1-1: Ground out 6-3 (Groundball, 6, EV 103.1 MPH)
|
|
Batting: SHB Salvador Aragon
|
0-0: Ball 1-0: Foul Ball, location: 2F 1-1: Ball 2-1: SOLO HOME RUN (Flyball, 8RXD, EV 113.8 MPH), Distance : 416 ft
|
|
Batting: RHB Katilimomi Kelekolio
|
0-0: SINGLE (Line Drive, 6M, EV 95.6 MPH)
|
|
Batting: LHB Roy Steigerwald
|
0-0: Grounds into double play, 6-4-3 (Groundball, 6S, EV 93.1 MPH)
|
| Bottom of the 3rd over - 1 run, 2 hits, 0 errors, 0 left on base; Boston (WIN) 0 - Arizona (WIN) 2 |
| TOP OF THE 4TH |
|
Boston (WIN) Red Sox batting - Pitching for Arizona (WIN) Diamondbacks : LHP Murphy Quirk
|
|
Batting: RHB Brandon Perris
|
0-0: Ball 1-0: Foul Ball, location: 2F 1-1: Ball 2-1: Swinging Strike 2-2: Foul Ball, location: 2F 2-2: Fly out, F9 (Flyball, 89S, EV 79.4 MPH)
|
|
Batting: LHB Kevin McCormic Jr.
|
0-0: Ball 1-0: Ball 2-0: Swinging Strike 2-1: Swinging Strike 2-2: Fly out, F8 (Flyball, 8RD, EV 102.5 MPH)
|
|
Batting: SHB Marvin Lawrence
|
0-0: Ball 1-0: Ball 2-0: Swinging Strike 2-1: Ground out 6-3 (Groundball, 6S, EV 74.4 MPH)
|
| Top of the 4th over - 0 runs, 0 hits, 0 errors, 0 left on base; Boston (WIN) 0 - Arizona (WIN) 2 |
| BOTTOM OF THE 4TH |
|
Arizona (WIN) Diamondbacks batting - Pitching for Boston (WIN) Red Sox : LHP Adam Schneidewind
|
|
Batting: SHB Warren Eisner
|
0-0: Foul Ball, location: 2F 0-1: Ball 1-1: Foul Ball, location: 2F 1-2: Ball 2-2: Ball 3-2: Foul Ball, location: 2F 3-2: Base on Balls
|
|
Batting: RHB Fabrice Bertin
|
0-0: Ball 1-0: Swinging Strike 1-1: Fly out, F7 (Flyball, 7S, EV 80.6 MPH)
|
|
Batting: LHB Steve Reinhart
|
0-0: Ball 1-0: Foul Ball, location: 2F 1-1: Swinging Strike 1-2: Grounds into double play, 4-6-3 (Groundball, 4, EV 102.5 MPH)
|
| Bottom of the 4th over - 0 runs, 0 hits, 0 errors, 0 left on base; Boston (WIN) 0 - Arizona (WIN) 2 |
| TOP OF THE 5TH |
|
Boston (WIN) Red Sox batting - Pitching for Arizona (WIN) Diamondbacks : LHP Murphy Quirk
|
|
Batting: RHB Ernie Genier
|
0-0: Foul Ball, location: 2F 0-1: Ball 1-1: Foul Ball, location: 2F 1-2: Strikes out swinging
|
|
Batting: RHB Nate Dickinson
|
0-0: Foul Ball, location: 2F 0-1: Ball 1-1: Ball 2-1: Foul Ball, location: 2F 2-2: Foul Ball, location: 2F 2-2: Foul Ball, location: 2F 2-2: Fly out, F6 (Popup, 4M, EV 50.0 MPH)
|
|
Batting: LHB Mike Mentzer
|
0-0: Swinging Strike 0-1: Ball 1-1: Ball 2-1: Called Strike 2-2: Ground out 4-3 (Groundball, 4, EV 81.9 MPH)
|
| Top of the 5th over - 0 runs, 0 hits, 0 errors, 0 left on base; Boston (WIN) 0 - Arizona (WIN) 2 |
| BOTTOM OF THE 5TH |
|
Arizona (WIN) Diamondbacks batting - Pitching for Boston (WIN) Red Sox : LHP Adam Schneidewind
|
|
Batting: RHB Scott Travis
|
0-0: Called Strike 0-1: Ball 1-1: Ball 2-1: Foul Ball, location: 2F 2-2: Ground out 6-3 (Groundball, 6, EV 99.4 MPH)
|
|
Batting: LHB Bobby Arevalo
|
0-0: Ball 1-0: Called Strike 1-1: Called Strike 1-2: Ball 2-2: Foul Ball, location: 2F 2-2: Foul Ball, location: 2F 2-2: DOUBLE (Flyball, 9LD, EV 113.8 MPH)
|
|
Pitching: LHP John Hotham
|
|
|
Batting: RHB Andy Swaim
|
0-0: Ball 1-0: Foul Ball, location: 2F 1-1: Ball 2-1: Ball 3-1: Ground out 6-3 (Groundball, 6S, EV 90.6 MPH) Bobby Arevalo to third
|
|
Batting: SHB Salvador Aragon
|
0-0: Ball 1-0: Ball 2-0: Called Strike 2-1: SINGLE (Groundball, 25, EV 70.0 MPH) (infield hit) Bobby Arevalo scores
|
|
Batting: RHB Katilimomi Kelekolio
|
0-0: Ball 1-0: Ball 2-0: Foul Ball, location: 2F 2-1: Swinging Strike 2-2: Ball 3-2: 2-RUN HOME RUN (Flyball, 9LD, EV 91.3 MPH), Distance : 353 ft
|
|
Batting: LHB Roy Steigerwald
|
0-0: Called Strike 0-1: Ground out 1-3 (Groundball, 34S, EV 65.0 MPH)
|
| Bottom of the 5th over - 3 runs, 3 hits, 0 errors, 0 left on base; Boston (WIN) 0 - Arizona (WIN) 5 |
| TOP OF THE 6TH |
|
Boston (WIN) Red Sox batting - Pitching for Arizona (WIN) Diamondbacks : LHP Murphy Quirk
|
|
Batting: RHB Garry Hash
|
0-0: Ball 1-0: Ball 2-0: Fly out, F8 (Flyball, 8LM, EV 91.3 MPH)
|
|
Batting: RHB Adugna Chandu
|
0-0: Foul Ball, location: 2F 0-1: SINGLE (Groundball, 6M, EV 111.9 MPH) (infield hit)
|
|
Batting: SHB Ben Ervin
|
0-0: Ball 1-0: Ground out 5-3 (Groundball, 56S, EV 71.3 MPH) Adugna Chandu to second
|
|
Batting: RHB Brandon Perris
|
0-0: Called Strike 0-1: Foul Ball, location: 2F 0-2: Ball 1-2: Foul Ball, location: 2F 1-2: Ball 2-2: Ground out 5-3 (Groundball, 15, EV 88.8 MPH)
|
| Top of the 6th over - 0 runs, 1 hit, 0 errors, 1 left on base; Boston (WIN) 0 - Arizona (WIN) 5 |
| BOTTOM OF THE 6TH |
|
Arizona (WIN) Diamondbacks batting - Pitching for Boston (WIN) Red Sox : LHP John Hotham
|
|
Batting: SHB Warren Eisner
|
0-0: Called Strike 0-1: Called Strike 0-2: Ball 1-2: Strikes out swinging
|
|
Batting: RHB Fabrice Bertin
|
0-0: Ground out U3 (Groundball, 34S, EV 78.8 MPH)
|
|
Batting: LHB Steve Reinhart
|
0-0: Called Strike 0-1: Ground out 5-3 (Groundball, 56S, EV 70.0 MPH)
|
| Bottom of the 6th over - 0 runs, 0 hits, 0 errors, 0 left on base; Boston (WIN) 0 - Arizona (WIN) 5 |
| TOP OF THE 7TH |
|
Boston (WIN) Red Sox batting - Pitching for Arizona (WIN) Diamondbacks : LHP Murphy Quirk
|
|
Batting: LHB Kevin McCormic Jr.
|
0-0: Ball 1-0: Foul Ball, location: 2F 1-1: Foul Ball, location: 2F 1-2: SINGLE (Line Drive, 89M, EV 98.1 MPH)
|
|
Batting: SHB Marvin Lawrence
|
0-0: Ball 1-0: Foul Ball, location: 2F 1-1: Foul Ball, location: 2F 1-2: Foul Ball, location: 2F 1-2: Ball 2-2: Foul Ball, location: 2F 2-2: Ball 3-2: Fielders Choice at 2nd, 2-4 (Groundball, 15S, EV 67.5 MPH)
|
|
Batting: RHB Ernie Genier
|
0-0: Fly out, F1 (Popup, P, EV 89.4 MPH)
|
|
Batting: RHB Nate Dickinson
|
0-0: Foul Ball, location: 2F 0-1: Called Strike 0-2: Ball 1-2: Strikes out swinging
|
| Top of the 7th over - 0 runs, 1 hit, 0 errors, 1 left on base; Boston (WIN) 0 - Arizona (WIN) 5 |
| BOTTOM OF THE 7TH |
|
Arizona (WIN) Diamondbacks batting - Pitching for Boston (WIN) Red Sox : LHP John Hotham
|
|
Batting: RHB Scott Travis
|
0-0: Foul Ball, location: 2F 0-1: Foul Ball, location: 2F 0-2: Ball 1-2: Ball 2-2: Fly out, F9 (Flyball, 89M, EV 85.0 MPH)
|
|
Batting: LHB Bobby Arevalo
|
0-0: Called Strike 0-1: Called Strike 0-2: Ball 1-2: Ball 2-2: Ball 3-2: Foul Ball, location: 2F 3-2: Foul Ball, location: 2F 3-2: Strikes out swinging
|
|
Batting: RHB Andy Swaim
|
0-0: Called Strike 0-1: Ball 1-1: Foul Ball, location: 2F 1-2: Ball 2-2: Strikes out swinging
|
| Bottom of the 7th over - 0 runs, 0 hits, 0 errors, 0 left on base; Boston (WIN) 0 - Arizona (WIN) 5 |
| TOP OF THE 8TH |
|
Boston (WIN) Red Sox batting - Pitching for Arizona (WIN) Diamondbacks : LHP Murphy Quirk
|
|
Pitching: RHP Nick Burcham
|
|
|
Batting: LHB Mike Mentzer
|
0-0: Ground out 4-3 (Groundball, 4M, EV 85.0 MPH)
|
|
Batting: RHB Garry Hash
|
0-0: Ball 1-0: Ball 2-0: Swinging Strike 2-1: Foul Ball, location: 2F 2-2: Ground out 6-3 (Groundball, 6, EV 103.1 MPH)
|
|
Batting: RHB Adugna Chandu
|
0-0: Ball 1-0: Swinging Strike 1-1: Ball 2-1: Called Strike 2-2: Ball 3-2: SINGLE (Groundball, 56D, EV 100.0 MPH) (infield hit)
|
|
Batting: SHB Ben Ervin
|
0-0: Called Strike 0-1: Fly out, F8 (Line Drive, 8LD, EV 90.6 MPH)
|
| Top of the 8th over - 0 runs, 1 hit, 0 errors, 1 left on base; Boston (WIN) 0 - Arizona (WIN) 5 |
| BOTTOM OF THE 8TH |
|
Arizona (WIN) Diamondbacks batting - Pitching for Boston (WIN) Red Sox : LHP John Hotham
|
|
Batting: SHB Salvador Aragon
|
0-0: Foul Ball, location: 2F 0-1: Ball 1-1: Called Strike 1-2: Strikes out looking
|
|
Batting: RHB Katilimomi Kelekolio
|
0-0: Ball 1-0: Fly out, F4 (Popup, 3S, EV 82.5 MPH)
|
|
Batting: LHB Roy Steigerwald
|
0-0: Swinging Strike 0-1: Ball 1-1: Foul Ball, location: 2F 1-2: Fly out, F7 (Flyball, 78D, EV 99.4 MPH)
|
| Bottom of the 8th over - 0 runs, 0 hits, 0 errors, 0 left on base; Boston (WIN) 0 - Arizona (WIN) 5 |
| TOP OF THE 9TH |
|
Boston (WIN) Red Sox batting - Pitching for Arizona (WIN) Diamondbacks : RHP Nick Burcham
|
|
Batting: RHB Brandon Perris
|
0-0: Called Strike 0-1: Foul Ball, location: 2F 0-2: Ball 1-2: SINGLE (Groundball, 4MD, EV 96.3 MPH)
|
|
Batting: LHB Kevin McCormic Jr.
|
0-0: Ball 1-0: Foul Ball, location: 2F 1-1: Foul Ball, location: 2F 1-2: Ball 2-2: Foul Ball, location: 2F 2-2: Ball 3-2: Base on Balls Brandon Perris to second
|
|
Batting: SHB Marvin Lawrence
|
0-0: Swinging Strike 0-1: Ball 1-1: 3-RUN HOME RUN (Flyball, 9D, EV 106.3 MPH), Distance : 383 ft
|
|
Pitching: RHP Gerardo Camacho
|
|
|
Now at 1B: Alex Vasquez
|
|
|
Now at 2B: Katilimomi Kelekolio
|
|
|
Now at 3B: Tai Joo
|
|
|
Batting: LHB John Bailey
|
0-0: Ball 1-0: Ground out 5-3 (Groundball, 5L, EV 94.4 MPH)
|
|
Pinch Hitting: LHB Brent Albertson
|
0-0: Ball 1-0: Ball 2-0: Ball 3-0: Called Strike 3-1: Swinging Strike 3-2: Base on Balls
|
|
Batting: LHB Mike Mentzer
|
0-0: DOUBLE (Line Drive, 89XD, EV 107.5 MPH) Brent Albertson to third
|
|
Pinch Hitting: LHB Julian Toney
|
0-0: Ball Passed Ball! Brent Albertson scores Mike Mentzer to third 1-0: Foul Ball, location: 2F 1-1: Ball 2-1: Foul Ball, location: 2F 2-2: Strikes out swinging
|
|
Pinch Hitting: LHB Dave Reyes
|
0-0: Called Strike 0-1: Ball 1-1: Ball 2-1: Ball 3-1: Swinging Strike 3-2: Strikes out looking
|
| Top of the 9th over - 4 runs, 3 hits, 0 errors, 1 left on base; Boston (WIN) 4 - Arizona (WIN) 5 |
|